 Dungeon Crawl Stone Soup version 0.25-a0-937-gcfae464cf3 (webtiles) character file.

Game seed: 16124253949328766743, levelgen mode: deterministic

110327 sanka the Gelid (level 16, -2/130 HPs)
             Began as a Barachi Ice Elementalist on May 3, 2020.
             Was the Champion of Vehumet.
             Slain by an unseen horror (4 damage)
             ... on level 15 of the Dungeon on May 4, 2020.
             The game lasted 01:53:12 (35847 turns).

sanka the Gelid (Barachi Ice Elementalist)         Turns: 35847, Time: 01:53:13

Health: -2/130     AC: 11    Str:  9    XL:     16   Next: 54%
Magic:  3/31       EV: 26    Int: 22    God:    Vehumet [******]
Gold:   1783       SH:  5    Dex: 18    Spells: 16/37 levels left

rFire    + . .     SeeInvis .   b - +7 demon whip (flame)
rCold    . . .     Gourm    .   w - +0 buckler
rNeg     . . .     Faith    .   l - +2 robe {Archmagi}
rPois    .         Spirit   .   Q - +2 helmet of Hairiness {*Corrode Dex+4 Stlth+}
rElec    .         Reflect  .   e - +2 cloak {rF+}
rCorr    .         Harm     .   (no gloves)
MR       +....                  z - +0 pair of boots
Stlth    +++.......             A - amulet of regeneration
HPRegen  0.71/turn              I - +1 ring of evasion
MPRegen  0.22/turn              X - ring of wizardry

@: can't hop, frozen ramparts, slow
A: +LOS, swims, slowness 1, strong legs 2
a: Hop, Renounce Religion


You were on level 15 of the Dungeon.
You worshipped Vehumet.
Vehumet was exalted by your worship.
You were hungry.

You visited 4 branches of the dungeon, and saw 24 of its levels.
You also visited: Gauntlet and Volcano.

You collected 2431 gold pieces.
You spent 648 gold pieces at shops.


Innate Abilities, Weirdness & Mutations

You can be seen from farther away. (+LOS)
You can swim through water.
You cover ground slowly.
You can hop long distances.


   Skills:
 - Level 13.0 Fighting
 - Level 12.0 Maces & Flails
 - Level 16.0 Dodging
 - Level 1.7 Stealth
 + Level 2.6 Shields
 + Level 11.0 Spellcasting
 - Level 4.0 Conjurations
 - Level 4.0 Summonings
 * Level 17.7 Ice Magic
 - Level 4.0 Air Magic


You had 16 spell levels left.
You knew the following spells:

 Your Spells              Type           Power        Failure   Level  Hunger
a - Ozocubu's Armour      Chrm/Ice       ######..     1%          3    None
u - Hailstorm             Conj/Ice       ######..     1%          4    #......
x - Summon Ice Beast      Ice/Summ       ######..     1%          4    #......
y - Frozen Ramparts       Ice            ######       0%          3    None
z - Freeze                Ice            ####         0%          1    None
X - Freezing Cloud        Conj/Ice/Air   ######....   3%          6    ######.

Your spell library contained the following spells:

 Spells                   Type           Power        Failure   Level  Hunger
 Conjure Ball Lightning   Conj/Air       #####.....   19%         6    ######.
 Magic Dart               Conj           ####         1%          1    None
 Poisonous Vapours        Pois/Air       ####..       1%          2    None
 Searing Ray              Conj           #####.       1%          2    None
 Conjure Flame            Conj/Fire      ####....     1%          3    None
 Dazzling Flash           Conj/Hex       ####..       1%          3    None
 Mephitic Cloud           Conj/Pois/Air  #####...     1%          3    None
 Ice Form                 Ice/Tmut       ######..     1%          4    #......
 Beastly Appendage        Tmut           ###...       2%          1    None
 Corona                   Hex            ###....      2%          1    None
 Infusion                 Chrm           ###.         2%          1    None
 Inner Flame              Hex/Fire       ###.....     2%          3    None
 Fulminant Prism          Conj/Hex       ####......   3%          4    #......
 Iskenderun's Mystic Bla  Conj/Tloc      ####....     3%          4    #......
 Blink                    Tloc           N/A          4%          2    None
 Shroud of Golubria       Chrm/Tloc      ###...       4%          2    None
 Slow                     Hex            ###.....     4%          2    None
 Song of Slaying          Chrm           ###.....     4%          2    None
 Sticks to Snakes         Tmut           ###.....     4%          2    None
 Gell's Gravitas          Tloc           ###.......   8%          3    None
 Lesser Beckoning         Tloc           ###.......   8%          3    None
 Portal Projectile        Hex/Tloc       ###...       8%          3    None
 Spectral Weapon          Hex/Chrm       ###.....     8%          3    None
 Spider Form              Tmut/Pois      ###.......   8%          3    None
 Teleport Other           Tloc           ###.....     8%          3    None
 Cause Fear               Hex            ###.......   26%         4    #......
 Leda's Liquefaction      Hex/Erth       ###.......   26%         4    #......
 Passage of Golubria      Tloc           N/A          26%         4    #......
 Blade Hands              Tmut           ###.......   54%         5    ####...
 Ring of Flames           Chrm/Fire      ###.......   100%        7    #######

Inventory:

Hand Weapons
 b - a +7 demon whip of flaming (weapon)
Missiles
 i - 595 stones (quivered)
 u - 15 curare-tipped darts {=f}
 D - 6 throwing nets {=f}
Armour
 e - a +2 cloak of fire resistance (worn)
 l - a +2 robe of the Archmagi (worn)
 w - a +0 buckler (worn)
 z - a +0 pair of boots (worn)
 Q - the +2 helmet of Hairiness (worn) {*Corrode Dex+4 Stlth+}

   It affects your dexterity (+4).
   It may corrode you when you take damage.
   It makes you more stealthy.
Jewellery
 a - an uncursed ring of stealth
 n - an uncursed ring of protection from cold
 A - an amulet of regeneration (around neck)
 H - an uncursed ring of resist corrosion
 I - a +1 ring of evasion (left hand)
 S - an uncursed ring of protection from fire
 X - a ring of wizardry (right hand)
Wands
 t - a wand of flame (36)
 v - a wand of enslavement (10)
 C - a wand of paralysis (17)
 F - a wand of disintegration (26)
 N - a wand of digging (14)
 U - a wand of acid (20)
Scrolls
 g - a scroll of identify {@r1}
 k - 4 scrolls of fog
 m - 5 scrolls of teleportation {@r4}
 o - 2 scrolls of fear
 q - 6 scrolls of remove curse
 y - 2 scrolls of blinking
 R - 2 scrolls of immolation {!r}
 Z - 3 scrolls of silence {!r}
Potions
 d - 4 potions of might
 f - a potion of cancellation {unknown}
 h - 3 potions of berserk rage {!q}
 j - 10 potions of curing {@q1}
 p - 4 potions of brilliance
 r - 2 potions of mutation {!q}
 s - 4 potions of haste {@q3}
 x - 2 potions of ambrosia
 B - 7 potions of resistance
 M - 2 potions of magic
 O - 2 potions of flight
 P - 5 potions of lignification {!q}
Miscellaneous
 E - a phantom mirror
 V - a phial of floods
Comestibles
 c - 29 rations
 J - 6 chunks of flesh

Dungeon Overview and Level Annotations

Branches:
Dungeon (15/15)            Temple (1/1) D:6            Lair (6/6) D:10
 Shoals (0/4) Lair:2       Spider (0/4) Lair:2        Slime (0/5) Lair:6
    Orc (2/2) D:12            Elf (0/3) Orc:2        Vaults (0/5) D:14
 Depths (0/5) D:15        Volcano (visited)         Gauntlet (visited)

Altars:
Ashenzari
Cheibriados
Dithmenos
Elyvilon
Fedhas
Gozag
Hepliaklqana
Kikubaaqudgha
Makhleb
Nemelex Xobeh
Okawaru
Qazlal
Ru
Sif Muna
Trog
Uskayaw
Vehumet
Wu Jian
Xom
Yredelemnul
Zin
The Shining One
Beogh
Jiyva

Shops:
D:5 }   Orc:2 ![}%

Annotations:
D:15 2 transporters, Nedawn's ghost, journeyman DrWn
Lair:1 exclusion: 3 oklob plants
Lair:5 1 runed translucent door, Bodu's ghost, journeyman NaFi

░,........▒..,,░░░░,,,,░
░░▒.......▒.▒░░,░,░░░░,░
▒▒▒.........▒ ░░,░,░ ░,░ ░░░░░░
............▒ ░,░,░░ ░,░ ░,,,,,
░▒...▒.▒....▒▒▒▒,░,░░░,░ ░░░░░░
▒▒.............▒░░░,,,,▒ ░,,,,,
..▒▒.▒.▒.......▒ ░,,..▒ ░░░,,,,,
▒▒.▒.....G.....▒▒▒▒....▒ ░,,,,,,,
T.o.)..▒▒▒▒....{F......▒░░,░,,,,,
▒▒▒▒▒.......▒.▒▒▒▒....▒▒░,,,,,,,,
▒.....▒▒▒.▒░░░░..▒▒░,,,░░░░,░
▒...▒.▒ ▒..,,,,,...,,,,,,,,,░
▒...▒'▒ ▒.▒▒░░░░░.▒▒░░,░░░░░░
▒..▒▒,▒░▒.▒░░░░░░,▒▒░░,░
▒.▒▒,,,░▒..,,,,░░,...░,░
░░░░▒.▒,,,,,▒.▒,░░,░░░░▒.▒,░
,,,,..▒,,,,,▒..,░░.▒░░░▒.▒.▒▒▒▒▒▒


You could see an eye of draining.


Message History

Something hits you but does no damage.
Deactivating autopickup; reactivate with Ctrl-A.
Something closely misses you.
The walls around you are covered in ice.
The wall freezes something.
Something completely misses you.
The wall freezes something.
Something closely misses you.
The wall freezes something.
Something hits you.
* * * LOW HITPOINT WARNING * * *
The eye of draining gazes at you.
You feel your power leaking away.
Unknown command.
You hit something. You burn something.
The wall freezes something but do no damage.
Something hits you!
* * * LOW HITPOINT WARNING * * *
The wall freezes something.
Something closely misses you.
You miss something.
The wall freezes something.
Something hits you!
* * * LOW HITPOINT WARNING * * *
You hit something. You burn something.
The wall freezes something.
Something hits you.
You die...

Action                   |  1- 3 |  4- 6 |  7- 9 | 10-12 | 13-15 | 16-18 || total
-------------------------+-------+-------+-------+-------+-------+-------++-------
Melee: Dagger            |    25 |     1 |     3 |   107 |    11 |       ||   147
       Halberd           |       |       |     3 |       |       |       ||     3
       Hunting sling     |       |       |     2 |       |       |       ||     2
       Spear             |       |       |       |     2 |       |       ||     2
       Demon whip        |       |       |       |       |   832 |   196 ||  1028
 Fire: Hunting sling     |       |    22 |   312 |   147 |   113 |       ||   594
Throw: Stone             |       |       |       |       |     2 |       ||     2
 Cast: Freeze            |    51 |    33 |   101 |   294 |   452 |     2 ||   933
       Frozen Ramparts   |       |     5 |    26 |    60 |   108 |    12 ||   211
       Ozocubu's Armour  |       |       |    15 |    35 |   104 |    12 ||   166
       Summon Ice Beast  |       |       |     2 |     8 |    24 |     1 ||    35
       Freezing Cloud    |       |       |       |       |     7 |    10 ||    17
 Abil: Hop               |       |     1 |       |       |     4 |     1 ||     6
  Use: Potion            |       |     3 |       |     1 |     1 |     3 ||     8
       Scroll            |       |       |       |    12 |    17 |     4 ||    33
 Stab: Sleeping          |     1 |       |       |       |     2 |     1 ||     4
       Distracted        |       |       |       |     1 |     2 |       ||     3
  Eat: Chunk             |     2 |     7 |    20 |    46 |    47 |     6 ||   128
       Ration            |       |       |     2 |     1 |       |     1 ||     4
Armor: Robe              |    15 |     9 |    55 |   116 |   250 |    33 ||   478
Dodge: Dodged            |    44 |    26 |   136 |   478 |  1368 |   204 ||  2256
Block: Buckler           |       |       |       |       |       |    13 ||    13

Levels and vault maps discovered:
D:1:      roderic_dead_forest, layout_loops_cross
D:2:      layout_basic, grunt_temple_overflow_open, uniq_jessica
D:3:      layout_basic
D:4:      layout_cave_pools, uniq_eustachio
D:5:      layout_basic, serial_curves, eino_curves_04, eino_curves_01,
          first_ration, serial_shops, shop, hangedman_abyss_or_decor_lesser_grid
D:6:      layout_loops_corners, minmay_temple_entry_waves, nicolae_benzene_ring
D:7:      layout_rooms
D:8:      layout_layer_cave
D:9:      kennysheep_ambush_hall, layout_loops_ring, hangedman_pestilent_swarm
D:10:     layout_cave_pools, erik_lair_orcish_takeover, wad_floor_pattern_2
D:11:     layout_cave_pools, serial_park_tiny_pond
D:12:     layout_roguey, orc_0_dummy, dk_noncrumbling_2, serial_bayou_lake_a,
          uniq_urug
D:13:     layout_rooms, uniq_erolcha
D:14:     layout_basic, david_vaults_3, minmay_misc_feat_doors,
          elyvilon_altar_3, uniq_azrael
D:15:     gammafunk_enter_depths_forms, layout_loops_cross,
          serial_co_window_serial, co_window_paths_a, co_window_corner_a,
          co_window_corner_a, co_window_paths_a, co_window_of_opportunity_a,
          co_window_corner_b, co_window_corner_ca, co_window_2corner,
          co_window_corner_b, co_window_4corner_b, glass_columns_a,
          gammafunk_ghost_abyssal_escape, gauntlet_entry_generic, minivault_24,
          minivault_28
Temple:   dpeg_five_rooms_temple
Lair:1:   layout_loops_ring, minmay_lair_oklob_chamber, uniq_sonja
Lair:2:   layout_small_grid, shoals_dummy_entry, spider_nest_entry_funnel_web,
          special_room [special_room_bee]
Lair:3:   layout_gridlike, grunt_megastairs_4
Lair:4:   layout_cellular_growth, enter_volcano_1, chequers_serial_rivers_marsh
Lair:5:   layout_loops_ring, ebering_ghost_xom, serial_bayou_ford_a
Lair:6:   hangedman_lair_tendril_chambers, layout_gridlike, slime_altar_1,
          ebering_ghost_reflecting_pool, serial_rivers,
          chequers_serial_rivers_small_3, chequers_serial_rivers_small_b,
          chequers_serial_rivers_small_3, chequers_serial_rivers_small_b,
          chequers_serial_rivers_marsh, chequers_serial_rivers_large_b
Orc:1:    layout_caves, basic_altar, uniq_harold
Orc:2:    st_orc_rangers, layout_caves, basic_altar, nicolae_orc_lava_tube

Notes
Turn   | Place    | Note
-------+----------+-------------------------------------------
     0 | D:1      | sanka the Barachi Ice Elementalist began the quest for the
                  | Orb.
     0 | D:1      | Reached XP level 1. HP: 13/13 MP: 3/3
   167 | D:1      | Reached XP level 2. HP: 18/19 MP: 3/5
   228 | D:1      | Reached skill level 3 in Spellcasting
   708 | D:1      | Reached XP level 3. HP: 23/24 MP: 6/8
   713 | D:1      | Learned a level 3 spell: Frozen Ramparts
   717 | D:1      | Learned a level 3 spell: Ozocubu's Armour
  1060 | D:1      | Reached skill level 5 in Ice Magic
  1452 | D:2      | Reached XP level 4. HP: 27/30 MP: 5/9
  1649 | D:2      | Identified a +2 robe of the Archmagi
  1649 | D:2      | Noticed Jessica
  1659 | D:2      | Killed Jessica
  1766 | D:2      | Reached skill level 4 in Spellcasting
  2074 | D:2      | Reached skill level 6 in Ice Magic
  2144 | D:2      | Found a snail-covered altar of Cheibriados.
  2144 | D:2      | Found a sacrificial altar of Ru.
  2151 | D:2      | Reached XP level 5. HP: 35/35 MP: 7/11
  2182 | D:2      | Found a shimmering altar of Xom.
  2188 | D:2      | Learned a level 4 spell: Summon Ice Beast
  2189 | D:2      | Found a hide-covered altar of Uskayaw.
  3547 | D:4      | Noticed an ogre
  3549 | D:4      | Reached skill level 7 in Ice Magic
  3552 | D:4      | Reached XP level 6. HP: 34/41 MP: 2/12
  3555 | D:4      | Reached skill level 8 in Ice Magic
  3558 | D:4      | Noticed Eustachio
  3569 | D:4      | HP: 4/41 [worker ant (6)]
  3829 | D:4      | Killed Eustachio
  3829 | D:4      | Reached skill level 9 in Ice Magic
  3829 | D:4      | Reached XP level 7. HP: 40/46 MP: 6/13
  3874 | D:4      | Reached skill level 1 in Summonings
  4300 | D:4      | Reached skill level 2 in Summonings
  4300 | D:4      | Reached skill level 10 in Ice Magic
  4542 | D:4      | Reached XP level 8. HP: 52/52 MP: 9/15
  4549 | D:4      | Learned a level 4 spell: Hailstorm
  4590 | D:4      | Reached skill level 3 in Summonings
  4974 | D:5      | Entered Level 5 of the Dungeon
  5140 | D:5      | Reached skill level 1 in Conjurations
  5233 | D:5      | Reached skill level 5 in Spellcasting
  5273 | D:5      | Reached skill level 4 in Summonings
  5368 | D:5      | Reached skill level 1 in Fighting
  5557 | D:5      | Found Zutuqot's Gadget Shop.
  6098 | D:6      | Found a staircase to the Ecumenical Temple.
  6124 | D:6      | Reached skill level 2 in Fighting
  6124 | D:6      | Reached skill level 3 in Dodging
  6129 | Temple   | Entered the Ecumenical Temple
  6450 | Temple   | Became a worshipper of Vehumet
  7410 | D:7      | Reached skill level 3 in Fighting
  7564 | D:7      | Reached skill level 4 in Dodging
  7564 | D:7      | Reached XP level 9. HP: 54/64 MP: 9/17
  7635 | D:7      | Reached skill level 4 in Fighting
  7964 | D:7      | Reached skill level 6 in Spellcasting
  8110 | D:7      | HP: 6/66 [wyvern skeleton (6)]
  8112 | D:7      | Reached skill level 5 in Dodging
  8698 | D:8      | Reached * piety under Vehumet
  8698 | D:8      | Offered knowledge of Shock by Vehumet.
  8698 | D:8      | Reached skill level 5 in Fighting
  9442 | D:8      | Reached skill level 6 in Fighting
  9442 | D:8      | Reached skill level 6 in Dodging
  9584 | D:8      | Got a pitted helmet
  9595 | D:8      | Identified the +2 helmet of Hairiness {*Corrode Dex+4
                  | Stlth+} (You found it on level 8 of the Dungeon)
  9880 | D:8      | Reached skill level 11 in Ice Magic
 10878 | D:9      | Reached XP level 10. HP: 77/77 MP: 12/19
 10892 | D:9      | Reached ** piety under Vehumet
 10918 | D:9      | Reached skill level 7 in Fighting
 10921 | D:9      | Reached skill level 7 in Dodging
 10922 | D:9      | Offered knowledge of Sandblast by Vehumet.
 11322 | D:9      | Reached skill level 7 in Spellcasting
 11625 | D:9      | Reached skill level 8 in Fighting
 11853 | D:10     | Entered Level 10 of the Dungeon
 11866 | D:10     | Reached skill level 8 in Dodging
 12294 | D:10     | Found a staircase to the Lair.
 12537 | D:10     | Offered knowledge of Mephitic Cloud by Vehumet.
 12540 | D:10     | Reached skill level 9 in Fighting
 12661 | D:10     | Reached XP level 11. HP: 37/89 MP: 9/22
 12801 | D:10     | Reached *** piety under Vehumet
 12844 | D:10     | Reached skill level 9 in Dodging
 12950 | D:10     | Noticed a two-headed ogre
 12961 | D:10     | Killed a two-headed ogre
 13157 | D:10     | Killed an unseen horror
 13157 | D:10     | Reached skill level 12 in Ice Magic
 13920 | Lair:1   | Entered Level 1 of the Lair of Beasts
 13933 | Lair:1   | Reached skill level 10 in Fighting
 13938 | Lair:1   | Reached skill level 8 in Spellcasting
 14155 | Lair:1   | Reached skill level 10 in Dodging
 14267 | Lair:1   | Noticed an oklob plant
 14267 | Lair:1   | Noticed an oklob plant
 14267 | Lair:1   | Noticed an oklob plant
 14305 | Lair:1   | Offered knowledge of Sticky Flame by Vehumet.
 14400 | Lair:1   | Noticed Sonja
 14407 | Lair:1   | Killed Sonja
 14648 | Lair:1   | Reached skill level 11 in Fighting
 14823 | Lair:1   | Reached XP level 12. HP: 100/100 MP: 21/24
 15543 | D:11     | Reached **** piety under Vehumet
 15715 | D:11     | Identified a +1 robe of resistance
 15720 | D:11     | Offered knowledge of Yara's Violent Unravelling by Vehumet.
 15720 | D:11     | Reached skill level 11 in Dodging
 15731 | D:11     | Noticed a sun demon
 16307 | D:11     | Reached skill level 9 in Spellcasting
 16314 | D:11     | Reached skill level 12 in Fighting
 17077 | Lair:2   | Reached skill level 13 in Ice Magic
 17176 | Lair:2   | Found a staircase to the Shoals.
 17473 | Lair:2   | Reached skill level 12 in Dodging
 17473 | Lair:2   | Reached skill level 2 in Conjurations
 17575 | Lair:2   | Found a hole to the Spider Nest.
 17962 | Lair:2   | Reached ***** piety under Vehumet
 17962 | Lair:2   | Offered knowledge of Olgreb's Toxic Radiance by Vehumet.
 17967 | Lair:2   | Reached skill level 3 in Conjurations
 18641 | Lair:3   | Noticed a six-headed hydra
 18658 | Lair:3   | Killed a six-headed hydra
 18665 | Lair:3   | Reached skill level 4 in Conjurations
 18669 | Lair:3   | Reached skill level 13 in Dodging
 18671 | Lair:3   | Gained mutation: You can hop long distances. [Barachi
                  | growth]
 18671 | Lair:3   | Reached XP level 13. HP: 41/108 MP: 6/26
 18997 | Lair:3   | Upgraded the game from 0.25-a0-930-g9f5dfa9815 to
                  | 0.25-a0-937-gcfae464cf3
 19552 | Lair:3   | Reached skill level 14 in Dodging
 20304 | Lair:4   | Found a dark tunnel.
 20307 | Lair:4   | Identified 3 potions of resistance
 20321 | Volcano  | Entered a volcano
 20652 | Volcano  | Reached skill level 15 in Dodging
 21068 | Lair:4   | Offered knowledge of Starburst by Vehumet.
 22432 | Lair:5   | Found a runed translucent door.
 22432 | Lair:5   | Found a shimmering altar of Xom.
 22432 | Lair:5   | Noticed Bodu's ghost (journeyman NaFi)
 22496 | Lair:5   | Reached skill level 14 in Ice Magic
 22521 | Lair:5   | Reached XP level 14. HP: 115/115 MP: 21/27
 22878 | Lair:5   | Reached skill level 16 in Dodging
 23233 | Lair:6   | Entered Level 6 of the Lair of Beasts
 23991 | Lair:6   | Reached skill level 15 in Ice Magic
 24135 | Lair:6   | Reached skill level 1 in Maces & Flails
 24169 | Lair:6   | Reached skill level 2 in Maces & Flails
 24519 | Lair:6   | Reached skill level 3 in Maces & Flails
 24672 | Lair:6   | Reached skill level 4 in Maces & Flails
 24747 | Lair:6   | Reached skill level 5 in Maces & Flails
 24825 | Lair:6   | Found a runed translucent door.
 24827 | Lair:6   | Noticed Malog's ghost (journeyman SpAs)
 24958 | Lair:6   | Killed Malog's ghost
 25249 | Lair:6   | Found a viscous altar of Jiyva.
 25427 | Lair:6   | Reached skill level 6 in Maces & Flails
 25462 | Lair:6   | Found a staircase to the Slime Pits.
 25577 | Lair:6   | HP: 7/115 [elephant (12)]
 26244 | Lair:6   | Reached skill level 7 in Maces & Flails
 26803 | Lair:6   | Reached skill level 8 in Maces & Flails
 28308 | D:12     | Reached skill level 9 in Maces & Flails
 28900 | D:12     | Reached skill level 10 in Maces & Flails
 29029 | D:12     | Noticed Urug
 29038 | D:12     | Killed Urug
 29215 | D:12     | Found a staircase to the Orcish Mines.
 29429 | Orc:1    | Entered Level 1 of the Orcish Mines
 29452 | Orc:1    | Reached XP level 15. HP: 120/120 MP: 28/28
 29462 | Orc:1    | Noticed Harold
 29561 | Orc:1    | Found a roughly hewn altar of Beogh.
 29590 | Orc:1    | Reached skill level 11 in Maces & Flails
 29609 | Orc:1    | Killed Harold
 30193 | Orc:2    | Entered Level 2 of the Orcish Mines
 30396 | Orc:2    | Found a roughly hewn altar of Beogh.
 30510 | Orc:2    | Offered knowledge of Freezing Cloud by Vehumet.
 30525 | Orc:2    | Learned a level 6 spell: Freezing Cloud
 30607 | Orc:2    | Reached ****** piety under Vehumet
 30757 | Orc:2    | Found Loikar's Armour Emporium.
 30757 | Orc:2    | Found Tasiysu's Gadget Shop.
 30757 | Orc:2    | Found Zeucaemm's Food Boutique.
 30760 | Orc:2    | Found Coivvag's Distillery.
 30856 | Orc:2    | Found a staircase to the Elven Halls.
 30867 | Orc:2    | Reached skill level 12 in Maces & Flails
 30876 | Orc:2    | Noticed an orc warlord
 30882 | Orc:2    | Identified a +2 robe of the Archmagi
 31031 | Orc:2    | Killed an orc warlord
 31323 | Orc:2    | Reached skill level 13 in Fighting
 31540 | Orc:2    | Reached skill level 1 in Air Magic
 32056 | Orc:2    | Bought a potion of flight for 54 gold pieces
 32056 | Orc:2    | Bought a potion of degeneration for 18 gold pieces
 32056 | Orc:2    | Bought a potion of ambrosia for 144 gold pieces
 32056 | Orc:2    | Bought a potion of lignification for 54 gold pieces
 32056 | Orc:2    | Bought a potion of berserk rage for 90 gold pieces
 32056 | Orc:2    | Bought a potion of mutation for 144 gold pieces
 32056 | Orc:2    | Bought a potion of magic for 144 gold pieces
 32384 | D:13     | Noticed Erolcha
 32399 | D:13     | Killed Erolcha
 32399 | D:13     | Reached skill level 2 in Air Magic
 33263 | D:14     | Reached skill level 3 in Air Magic
 33342 | D:14     | Noticed Nessos
 33360 | D:14     | Killed Nessos
 33388 | D:14     | Noticed Rupert
 33398 | D:14     | Offered knowledge of Fireball by Vehumet.
 33422 | D:14     | Killed Rupert
 33476 | D:14     | Reached skill level 16 in Ice Magic
 33549 | D:14     | Reached skill level 4 in Air Magic
 33555 | D:14     | Noticed Azrael
 33761 | D:14     | Found a gate to the Vaults.
 33767 | D:14     | Reached skill level 10 in Spellcasting
 33926 | D:14     | Reached XP level 16. HP: 130/130 MP: 30/30
 34135 | D:14     | Found a white marble altar of Elyvilon.
 34260 | D:14     | Killed Azrael
 34325 | D:15     | Entered Level 15 of the Dungeon
 34335 | D:15     | Identified the +10 double sword "Ippoy" {distort, +Fly MR+}
 34361 | D:15     | Reached skill level 17 in Ice Magic
 34393 | D:15     | Noticed a profane servitor
 34399 | D:15     | Noticed Nedawn's ghost (journeyman DrWn)
 34412 | D:15     | Identified the amulet of Equivalence {rC+ MR+ Regen+ Int+4}
 34432 | D:15     | Found a transporter.
 34472 | D:15     | Found a transporter.
 34523 | D:15     | Found a gate leading to a gauntlet.
 34537 | Gauntlet | Entered a Gauntlet
 34537 | Gauntlet | Found a transporter.
 34537 | Gauntlet | Found a transporter.
 34538 | Gauntlet | Found a transporter.
 34549 | Gauntlet | Found a transporter.
 34553 | Gauntlet | Found a runed translucent door.
 34555 | Gauntlet | Found a runed translucent door.
 34557 | Gauntlet | Found a transporter.
 34561 | Gauntlet | Found a transporter.
 34569 | Gauntlet | Found a transporter.
 34585 | Gauntlet | Found a transporter.
 34603 | Gauntlet | Found a transporter.
 34603 | Gauntlet | Found a transporter.
 34614 | Gauntlet | Found a transporter.
 34618 | Gauntlet | Found a transporter.
 34936 | Gauntlet | Got a warped silver amulet
 34938 | Gauntlet | Identified the amulet "Ycviw" {Inacc +Inv} (You found it in
                  | a Gauntlet)
 35114 | Gauntlet | HP: 12/130 [minotaur/+0 battleaxe (32)]
 35354 | D:15     | Reached skill level 1 in Shields
 35788 | D:15     | Reached skill level 2 in Shields
 35807 | D:15     | HP: 8/130 [something (8)]
 35822 | D:15     | HP: 11/130 [two-headed ogre/+0 dire flail (13)]
 35834 | D:15     | Reached skill level 11 in Spellcasting
 35839 | D:15     | Offered knowledge of Conjure Ball Lightning by Vehumet.
 35845 | D:15     | HP: 11/130 [something (10)]
 35846 | D:15     | HP: 2/130 [something (10)]
 35847 | D:15     | Slain by an unseen horror

Vanquished Creatures
  Rupert (D:14)
  An orc warlord (Orc:2)
  Nessos (D:14)
  Azrael (D:14)
  A minotaur (Gauntlet)
  A great orb of eyes (D:15)
  Erolcha (D:13)
  Harold (Orc:1)
  2 hydras (D:13)
  A catoblepas (Lair:5)
  A death knight (D:13)
  4 centaur warriors
  A hell hog (Volcano)
  4 ogre magi (D:15)
  16 two-headed ogres
  An orc high priest (Orc:1)
  Sonja (Lair:1)
  Urug (D:12)
  A deep elf knight (D:15)
  A fire crab (Gauntlet)
  3 unseen horrors
  An unseen horror (shapeshifter) (D:15)
  6 orc knights
  2 wolf spiders
  A deep elf mage (D:15)
  5 ugly things
  4 orc sorcerers
  A salamander (Volcano)
  2 cyclopes
  4 manticores
  A worldbinder (Gauntlet)
  11 elephants
  A guardian serpent (Lair:6)
  12 black mambas
  A molten gargoyle (Orc:2)
  2 gargoyles
  20 spiny frogs
  2 kobold demonologists (D:11)
  3 rime drakes
  A freezing wraith (D:14)
  4 komodo dragons
  4 yaktaurs (D:15)
  9 trolls
  4 hornets
  A polar bear (Lair:6)
  A queen bee (Lair:2)
  14 dream sheep
  3 slime creatures (D:15)
  5 hippogriffs
  17 blink frogs
  A meliai zombie (D:15)
  5 redbacks
  8 wyverns
  9 shadows
  2 wraiths
  Eustachio (D:4)
  A spriggan (shapeshifter) (D:15)
  4 fire bats (Gauntlet)
  16 humans (D:14)
  A wyvern (shapeshifter) (D:15)
  27 yaks
  2 hungry ghosts
  3 fire elementals
  A basilisk (D:14)
  2 vampire mosquitoes (D:14)
  9 wargs
  2 soldier ants
  9 hell hounds
  3 acid dragons
  21 water moccasins
  8 porcupines
  44 orc warriors
  2 sky beasts
  An ice beast (D:12)
  4 black bears
  A phantom (D:9)
  An eye of draining (D:15)
  A necrophage (D:9)
  A boggart (Gauntlet)
  24 wolves
  36 centaurs
  21 ogres
  8 crocodiles
  3 big kobolds
  18 bullfrogs
  A gnoll sergeant (D:10)
  A wyvern zombie (D:9)
  A wyvern skeleton (D:7)
  6 scorpions
  38 killer bees
  3 wights (D:15)
  6 howler monkeys
  8 electric eels
  8 crimson imps
  A quasit (D:9)
  2 centaur zombies
  3 jellies
  3 bullfrog skeletons
  4 hounds
  22 orc wizards
  19 orc priests
  8 centaur skeletons
  Jessica (D:2)
  7 hell rats (Lair:5)
  2 iguanas
  11 worker ants
  2 hound skeletons
  A howler monkey zombie (D:7)
  11 gnolls
  15 adders
  5 shadow imps
  An ooze (D:5)
  2 adder zombies
  A worm (D:9)
  6 dart slugs
  6 leopard geckos
  86 orcs
  10 bats
  5 giant cockroaches
  7 goblins
  5 hobgoblins
  11 jackals
  7 quokkas
  A ball python (D:1)
  5 frilled lizards
  21 kobolds
  11 rats
  A bush (Lair:2)
  2 fungi (Lair:6)
864 creatures vanquished.

Vanquished Creatures (collateral kills)
  The ghost of Malog the Spry, a journeyman SpAs of Nemelex Xobeh (Lair:6)
  4 hydras
  2 spiny frogs
  A centaur skeleton (D:13)
  2 dream sheep
  A hippogriff (Lair:5)
  An ice beast (D:6)
  An orc warrior (Orc:2)
13 creatures vanquished.

Vanquished Creatures (others)
  2 bushes
  26 fungi
  37 plants
65 creatures vanquished.

Grand Total: 942 creatures vanquished
